 Dungeon Crawl Stone Soup version 0.30-a0-347-gf58ed5266c (webtiles) character file.

Game seed: 11899608806148041456

1474 greasedhog the Poker (level 8, -3/49 (55) HPs)
             Began as a Merfolk Fighter on Nov 7, 2022.
             Was a Believer of Okawaru.
             Slain by a wight
             ... wielding a +2 great sword
              (5 damage)
             ... on level 6 of the Dungeon.
             The game lasted 00:07:49 (4695 turns).

greasedhog the Poker (Merfolk Fighter)              Turns: 4695, Time: 00:07:50

HP:   -3/49 (55)    AC: 14    Str: 17    XL:     8   Next: 78%
MP:   9/10          EV: 15    Int: 11    God:    Okawaru [**....]
Gold: 207           SH:  7    Dex: 15    Spells: 7/7 levels left

rFire   + . .      SeeInvis .    a - +0 trident
rCold   + . .      Faith    .    c - +0 buckler
rNeg    . . .      Spirit   .    e - +2 scale mail {rF+}
rPois   .          Reflect  .    m - +1 helmet "Witiet" {Will+ Regen+ Str+2}
rElec   .          Harm     .    h - +0 cloak
rCorr   +          Rampage  .    (no gloves)
Will    +....                    g - +0 pair of boots
Stlth   ++........               (no amulet)
HPRegen 1.08/turn                j - ring of protection from cold
MPRegen 0.12/turn                p - ring of resist corrosion

@: heroic, heavily drained
A: (nimble swimmer 2), mertail, clever 1, frail 1
a: Renounce Religion, Heroism


You were on level 6 of the Dungeon.
You worshipped Okawaru.
Okawaru was pleased with you.
You visited 1 branch of the dungeon, and saw 6 of its levels.

You collected 207 gold pieces.

Inventory:

Hand Weapons
 a - a +0 trident (weapon)
Armour
 c - a +0 buckler (worn)
 e - a +2 scale mail of fire resistance (worn)
 g - a +0 pair of boots (worn)
 h - a +0 cloak (worn)
 m - the +1 helmet "Witiet" (worn) {Will+ Regen+ Str+2}
   (You found it on level 3 of the Dungeon)

   Str:       It affects your strength (+2).
   Regen:     It increases your rate of health regeneration.
   Will:      It increases your willpower.
Jewellery
 j - a ring of protection from cold (left hand)
 p - a ring of resist corrosion (right hand)
Wands
 b - a wand of iceblast (6)
 i - a wand of light (5)
Scrolls
 f - 4 scrolls of torment
 l - a scroll of magic mapping {unknown}
 q - a scroll of poison
 s - a scroll of teleportation
 u - a scroll of enchant weapon {unknown}
 v - 2 scrolls of fear {unknown}
 x - a scroll of blinking {unknown}
Potions
 d - 2 potions of might
 k - a potion of brilliance
 n - a potion of berserk rage
 o - 2 potions of magic
 r - 6 potions of flight
 t - a potion of heal wounds {unknown}
 w - a potion of attraction {unknown}


   Skills:
 - Level 5.2(10.2) Fighting
 * Level 7.8(12.8) Polearms
 * Level 2.3(7.3) Armour
 * Level 7.1(12.1) Dodging
 - Level 5.6(10.6) Shields
 + Level 3.4 Invocations


You had 7 spell levels left.
You didn't know any spells.
Your spell library contained the following spells:

 Spells                   Type           Power      Damage    Failure   Level
 Ignite Poison            Fire/Tmut/Pois 0%         N/A       98%         3
 Kindle Blastsparks       Fire/Tloc/Air  0%         2d10      98%         3
 Portal Projectile        Hex/Tloc       0%         N/A       98%         3
 Leda's Liquefaction      Hex/Erth       0%         N/A       100%        4
 Freezing Cloud           Conj/Ice/Air   0%         6-21      100%        5
 Call Canine Familiar     Summ           Unusable   N/A       N/A         3

Dungeon Overview and Level Annotations

Branches:
Dungeon (6/15)
 Temple: D:4-7

Altars:
Dithmenos
Elyvilon
Gozag
Okawaru
Uskayaw
Yredelemnul

Shops:
D:1 =   D:5 (

Annotations:
D:3 3 runed translucent doors, HolyTactitian's ghost, amateur TeRe


Innate Abilities, Weirdness & Mutations

((You are very nimble when in or above water. (Stealth+, EV+, Speed+++)))
Your lower body shifts to a powerful aquatic tail in water.
Your mind is acute. (Int +4, Str/Dex -1)
You are frail. (-10% HP)


Message History

You hit the wight.
The wight is severely damaged.
The wight hits you with a +2 great sword.
You feel drained.
You barely miss the wight.
The wight is severely damaged.
The adder bites you but does no damage.
You barely miss the wight.
The wight is severely damaged.
You block the adder's attack. The wight closely misses you.
You barely miss the wight.
The wight is severely damaged.
You block the adder's attack.
The wight hits you with a +2 great sword!
You hit the wight but do no damage.
The wight is severely damaged.
The adder bites you but does no damage.
You hit the wight.
The wight is severely damaged.
The wight hits you with a +2 great sword.
* * * LOW HITPOINT WARNING * * *
You feel drained.
* * * LOW HITPOINT WARNING * * *
The adder completely misses you.
You hit the wight but do no damage.
The wight is severely damaged.
The adder bites you but does no damage. The wight misses you.
You barely miss the wight.
The wight is severely damaged.
You block the adder's attack.
You closely miss the wight.
The wight is severely damaged.
You block the wight's attack.
You hit the wight.
The wight is almost destroyed.
The adder bites you but does no damage.
The wight hits you with a +2 great sword!
* * * LOW HITPOINT WARNING * * *
You feel drained.
You die...

#.... .##.. ..........#.
... ?..........#....
...........#....
.................
.................
.............#... ..#
......Sz....#....## ..
#######@.......... ..##
#.$...#.....###..# ##...
#.$...#.....####.###....
#.$_..#.................
#....$#...............).
#.....#.#.............<.
###+###.....##..........
....$......###..........
.......#####††<.......


You could see a wight and an adder.

Vanquished Creatures
  Grinder (D:5)
  Duvessa (D:4)
  A black bear (D:5)
  2 ogres
  3 scorpions
  4 wights
  Dowan (D:4)
  2 gnoll boudas (D:5)
  Jessica (D:3)
  2 iguanas
  Ijyb (D:3)
  2 orc wizards
  Terence (D:2)
  Robin (D:4)
  6 gnolls
  3 adders
  An ufetubus (D:6)
  3 dart slugs
  3 worms
  17 orcs
  11 bats
  3 endoplasms
  5 giant cockroaches
  14 goblins
  9 hobgoblins
  6 jackals (D:1)
  6 kobolds
  2 quokkas
  8 ball pythons
  3 frilled lizards (D:1)
  6 rats
129 creatures vanquished.

Vanquished Creatures (others)
  A hobgoblin (D:4)
  A fungus (D:3)
  A plant (D:5)
3 creatures vanquished.

Grand Total: 132 creatures vanquished

Notes
Turn   | Place    | Note
-------+----------+-------------------------------------------
     0 | D:1      | greasedhog the Merfolk Fighter began the quest for the Orb.
     0 | D:1      | Reached XP level 1. HP: 18/18 MP: 1/1
   111 | D:1      | Reached skill level 1 in Dodging
   111 | D:1      | Reached XP level 2. HP: 24/24 MP: 2/2
   235 | D:1      | Found a faded altar of an unknown god.
   531 | D:1      | Reached XP level 3. HP: 30/30 MP: 3/3
   699 | D:1      | Found Xenune's Jewellery Shoppe.
   833 | D:2      | Noticed Terence
   845 | D:2      | Killed Terence
   846 | D:2      | Reached XP level 4. HP: 12/37 MP: 4/4
  1777 | D:3      | Identified the +1 helmet "Witiet" {Will+ Regen+ Str+2}
  1877 | D:3      | Found an opulent altar of Gozag.
  1938 | D:3      | Found a runed translucent gate.
  1938 | D:3      | Found a runed translucent gate.
  1938 | D:3      | Found a runed translucent gate.
  1939 | D:3      | Found an opulent altar of Gozag.
  1940 | D:3      | Noticed HolyTactitian's ghost (amateur TeRe)
  1940 | D:3      | Noticed an ogre
  1970 | D:3      | Noticed Jessica
  1986 | D:3      | Killed Jessica
  1987 | D:3      | Reached XP level 5. HP: 43/43 MP: 5/5
  2048 | D:3      | Found an iron altar of Okawaru.
  2075 | D:3      | Became a worshipper of Warmaster Okawaru
  2217 | D:4      | Noticed an ogre
  2350 | D:4      | Killed an ogre
  2378 | D:4      | Reached skill level 1 in Invocations
  2378 | D:4      | Reached XP level 6. HP: 50/50 MP: 6/6
  2423 | D:4      | Noticed Robin
  2454 | D:4      | Reached skill level 5 in Polearms
  2492 | D:4      | Noticed Ijyb
  2520 | D:3      | Reached * piety under Okawaru
  2521 | D:3      | Reached skill level 5 in Fighting
  2526 | D:3      | Gained mutation: You are frail. (-10% HP) [potion of
                  | mutation]
  2526 | D:3      | Gained mutation: Your mind is acute. (Int +4, Str/Dex -1)
                  | [potion of mutation]
  2559 | D:3      | Killed Ijyb
  2703 | D:3      | Reached XP level 7. HP: 50/50 MP: 8/8
  2717 | D:4      | Killed Robin
  2790 | D:4      | You fall into a shaft and drop 1 floor!
  2790 | D:5      | Entered Level 5 of the Dungeon
  2992 | D:5      | Found a shadowy altar of Dithmenos.
  3024 | D:5      | Reached skill level 5 in Dodging
  3031 | D:5      | Found Sutyqah's Hydra Hut.
  3034 | D:5      | Noticed a seven-headed hydra
  3047 | D:5      | Noticed Grinder
  3065 | D:5      | Paralysed by Grinder for 3 turns
  3077 | D:5      | Killed Grinder
  3078 | D:5      | Reached XP level 8. HP: 38/55 MP: 9/9
  3137 | D:5      | Reached ** piety under Okawaru
  3138 | D:5      | Reached skill level 5 in Shields
  3293 | D:5      | Found a white marble altar of Elyvilon.
  3500 | D:5      | Found a basalt altar of Yredelemnul.
  3570 | D:4      | Noticed Duvessa
  3570 | D:4      | Noticed Dowan
  3603 | D:4      | Killed Duvessa
  3607 | D:4      | Killed Dowan
  4653 | D:6      | Found a hide-covered altar of Uskayaw.
  4695 | D:6      | HP: 2/51 [wight/+2 great sword (14)]
  4695 | D:6      | Slain by a wight

Illustrated notes

Levels and vault maps discovered:
D:1:      lemuel_arrival_funnel, layout_basic,
          shapermc_ecumenical_altar_acropolis, serial_shops,
          nicolae_lakefront_shop
D:2:      layout_loops_ring, nrook_mini_backslash,
          minmay_fractal_squares_gapless_5, uniq_terence
D:3:      layout_rooms, mainiacjoe_overflow_alcove_4,
          lemuel_coloured_pillars_altar, ebering_ghost_gozag, uniq_jessica
D:4:      layout_gridville, eino_small_chamber_without_monster, uniq_ijyb,
          uniq_robin, uniq_duvessa
D:5:      layout_basic, kennysheep_ying_yang, mainiacjoe_overflow_chevrons,
          doesnt_shop_hydraphobe, uniq_grinder
D:6:      layout_rooms, general_overflow_altar, amcnicky_altar_gilded,
          mainiacjoe_overflow_surrounded_room, temple_hall, serial_glass,
          glass_columns_a, glass_columns_b, glass_columns_a, glass_columns_b,
          minmay_bent

Skill      XL: |  1  2  3  4  5  6  7  8 |
---------------+-------------------------+-----
Polearms       | 3 4 5 6 7 |  7.8
Dodging        | 1 2 3 4 5 7 |  7.1
Fighting       | 4 5 |  5.2
Invocations    | 1 2 3 |  3.4
Shields        | 4 5 |  5.6
Armour         | |  2.3

Action                   |  1- 3 |  4- 6 |  7- 9 || total
-------------------------+-------+-------+-------++-------
Melee: Trident           |   129 |   210 |   320 ||   659
Invok: Heroism           |       |       |     1 ||     1
Evoke: Wand              |       |       |     1 ||     1
  Use: Scroll            |     3 |     8 |       ||    11
       Potion            |       |     3 |     1 ||     4
Armor: Scale mail        |    59 |   103 |   134 ||   296
       Skin              |       |    26 |       ||    26
Dodge: Dodged            |    62 |    99 |   185 ||   346
Block: Buckler           |    32 |    55 |    93 ||   180

Table legend: (Time is in decaauts)
 A = Elapsed time spent in this place.
 B = Non-inter-level travel time spent in this place.
 C = Inter-level travel time spent in this place.
 D = Time resting spent in this place.
 E = Time spent auto-exploring this place.
 F = Levels seen in this place.
 G = Mean time per level.
                   A        B        C        D        E       F      G
               +--------+--------+--------+--------+--------+-----+--------+
         Total |   4734 |   4384 |    350 |     72 |   3105 |   6 |  789.0 |
       Dungeon |   4734 |   4384 |    350 |     72 |   3105 |   6 |  789.0 |
               +--------+--------+--------+--------+--------+-----+--------+

Top non-repeatable levels by time:
     D:5: 1234 daAuts
     D:2: 952 daAuts
     D:4: 950 daAuts
     D:1: 791 daAuts
     D:3: 643 daAuts
     D:6: 163 daAuts
